Avalanche vs Jets

Created - 9 mars 2021 at 20:59

Goals
1 2 3 T
Avalanche 0 0 0 0
Jets 0 0 2 2
Shots
1 2 3 T
Avalanche 9 15 6 30
Jets 12 9 15 36

1st period

No Goal

Penalties :
Robby Fabbri (COL) for Tripping (Minor) at 9:46

2nd period

No Goal

Penalties :
No Penalty

3rd period

1. Jets , Bryan Rust 33 (Brock Nelson 36, Keith Yandle 34) at 7:56
2. Jets , Bryan Rust 34 (Keith Yandle 35, Zach Parise 28) at 16:34

Penalties :
Noah Juulsen (COL) for Cross-checking (Minor) at 10:40

Goalie Stats

Juuse Saros (COL), 34 saves from 36 shots - (0,944), L, 5-11-3, 60:00 minutes
Jake Allen (WPG), 30 saves from 30 shots - (1,000), W, 5-3-1, 60:00 minutes

Players Stats for Avalanche

Player Name              G  A  P  +/- PIM S  H  SB GA TA FO     MP     PP MP  PK MP  
------------------------------------------------------------------------------------
Andreas Athanasiou       0  0  0   0  0   3  1  0  0  0  0/2    22:14   0:00   0:58 
Andreas Johnsson         0  0  0   0  0   0  3  0  0  0  0/1     6:36   0:00   0:00 
Cale Fleury              0  0  0  -1  0   0  2  1  0  0  0/0    16:24   0:00   1:07 
Casey Cizikas            0  0  0  -1  0   5  0  2  0  0  15/26  20:07   0:00   2:50 
Dominik Kubalik          0  0  0   0  0   2  2  0  0  0  1/2    18:05   0:00   0:10 
Dylan Strome             0  0  0   0  0   0  0  0  0  0  1/2     0:46   0:00   0:00 
Filip Chytil             0  0  0  -1  0   1  0  0  0  0  0/3    15:24   0:00   0:35 
Frank Vatrano            0  0  0  -1  0   2  0  0  0  0  2/2    16:42   0:00   0:00 
John Marino              0  0  0   0  0   1  4  1  0  0  0/0    20:52   0:00   1:57 
Justin Williams          0  0  0  -1  0   1  0  0  0  0  2/3    14:09   0:00   0:52 
Noah Juulsen             0  0  0  -1  2   0  0  0  0  0  0/0    15:54   0:00   0:00 
Robby Fabbri             0  0  0  -1  2   6  0  0  0  0  1/2    16:41   0:00   0:00 
Ryan Dzingel             0  0  0   0  0   1  2  0  0  0  0/0     8:44   0:00   0:00 
Ryan Strome              0  0  0   0  0   2  1  0  0  0  13/23  19:50   0:00   2:31 
Sam Steel                0  0  0  -1  0   1  0  0  0  0  5/15   16:43   0:00   0:00 
Sami Vatanen             0  0  0  -1  0   1  2  4  0  0  0/0    23:25   0:00   1:35 
Shayne Gostisbehere      0  0  0  -1  0   3  0  1  0  0  0/0    22:30   0:00   1:18 
Will Butcher             0  0  0   0  0   1  1  1  0  0  0/0    20:54   0:00   1:59 

Players Stats for Jets

Player Name              G  A  P  +/- PIM S  H  SB GA TA FO     MP     PP MP  PK MP  
------------------------------------------------------------------------------------
Brock Nelson             0  1  1   2  0   7  1  1  0  0  16/30  20:46   2:09   0:00 
Bryan Rust               2  0  2   2  0   5  3  0  0  0  1/2    20:46   2:09   0:00 
Evgenii Dadonov          0  0  0   0  0   9  2  0  0  0  1/1    16:44   1:49   0:00 
Hampus Lindholm          0  0  0   0  0   0  1  0  0  0  0/0    19:25   1:28   0:00 
Jaccob Slavin            0  0  0   2  0   1  4  3  0  0  0/0    23:12   2:09   0:00 
Jay Bouwmeester          0  0  0   0  0   0  0  1  0  0  0/0    17:23   0:21   0:00 
Joel Eriksson Ek         0  0  0   0  0   1  1  0  0  0  9/12   13:52   0:00   0:00 
Kasperi Kapanen          0  0  0   0  0   1  2  0  0  0  0/2     8:38   0:00   0:00 
Keith Yandle             0  2  2   2  0   0  0  3  0  0  0/0    23:12   2:09   0:00 
Mathew Barzal            0  0  0   0  0   0  2  0  0  0  11/24  16:44   1:49   0:00 
Mats Zuccarello          0  0  0   0  0   4  2  0  0  0  1/2    16:44   1:49   0:00 
Mikko Koivu              0  0  0   0  0   1  0  0  0  0  1/5     8:38   0:00   0:00 
Nick Schmaltz            0  0  0   0  0   2  0  0  0  0  0/0    13:52   0:00   0:00 
Nikita Zaitsev           0  0  0   0  0   1  4  1  0  0  0/0    17:57   0:00   0:00 
Patrik Nemeth            0  0  0   0  0   1  4  1  0  0  0/0    18:51   1:49   0:00 
Scott Laughton           0  0  0   0  0   1  1  0  0  0  0/1    13:52   0:00   0:00 
Tim Schaller             0  0  0   0  0   1  1  0  0  0  1/1     8:38   0:00   0:00 
Zach Parise              0  1  1   2  0   1  0  0  0  0  0/1    20:46   2:09   0:00 

3 Stars

1 - Jake Allen (WPG)
2 - Bryan Rust (WPG)
3 - Keith Yandle (WPG)

Power Play

Avalanche - 0 on 0 Attempt(s) - 0,00%
Jets - 0 on 2 Attempt(s) - 0,00%

Penalty Kill

Avalanche - 2 on 2 Attempt(s) - 100,00% - Score 0 goal in Penalty Kill
Jets - 0 on 0 Attempt(s) - 0,00% - Score 0 goal in Penalty Kill

Team Stat

Avalanche - Hits : 18 - Faceoff Wins : 40 - Blocked Shots : 10 - Penalty Minutes : 4
Jets - Hits : 28 - Faceoff Wins : 41 - Blocked Shots : 10 - Penalty Minutes : 0

Official

Referees : Tim Peel and Dan Kelly
Linesman : Luke Murray and Shaun Morgan

Game Notes

Dylan Strome is injured at 5:02 of 1st period (Right Leg)
Andreas Johnsson is injured at 18:38 of 2nd period (Right Hip)

Finance

Level 1 -- Attendance: 6000 (100,00%) -- Ticket Income 720 000 $
Level 2 -- Attendance: 3547 (70,94%) -- Ticket Income 390 170 $
Level 3 -- Attendance: 1916 (87,09%) -- Ticket Income 191 600 $
Level 4 -- Attendance: 1016 (100,00%) -- Ticket Income 91 440 $
Luxury Box -- Attendance: 524 (65,50%) -- Ticket Income 178 160 $
Game was played at the MTS Center.
Total Attendance: 13003 (86,59%)
Total Ticket Income: 1 571 370 $
Other Income: 769 971 $
Total Income: 2 341 341 $

% Time on Ice - Avalanche

Lines # - Real PCT - Wanted PCT - Time Play
Normal Forward
1 - 31% - 40% - 17:19
2 - 30% - 30% - 16:42
3 - 24% - 20% - 13:17
4 - 16% - 10% - 8:44
Normal Defense
1 - 33% - 40% - 18:17
2 - 34% - 30% - 18:55
3 - 28% - 20% - 15:55
4 - 5% - 10% - 2:55
PP Forward
1 - 0% - 60%
2 - 0% - 40%
PP Defense
1 - 0% - 60%
2 - 0% - 40%
PK Forward
1 - 76% - 60% - 3:00
2 - 24% - 40% - 0:58
PK Defense
1 - 50% - 60% - 1:59
2 - 50% - 40% - 1:59
PK3 Forward
1 - 0% - 60%
2 - 0% - 40%
PK3 Defense
1 - 0% - 60%
2 - 0% - 40%
44 Forward
1 - 0% - 60%
2 - 0% - 40%
44 Defense
1 - 0% - 60%
2 - 0% - 40%
Last Minute Offensive  - 0:00
Last Minute Defensive  - 0:00
Total
Forward - 60:00
Defense - 60:00

% Time on Ice - Jets

Lines # - Real PCT - Wanted PCT - Time Play
Normal Forward
1 - 33% - 43% - 18:37
2 - 27% - 34% - 14:55
3 - 25% - 16% - 13:52
4 - 15% - 7% - 8:38
Normal Defense
1 - 38% - 40% - 21:03
2 - 32% - 30% - 17:57
3 - 20% - 20% - 11:09
4 - 10% - 10% - 5:53
PP Forward
1 - 54% - 60% - 2:09
2 - 46% - 40% - 1:49
PP Defense
1 - 54% - 60% - 2:09
2 - 46% - 40% - 1:49
PK Forward
1 - 0% - 60%
2 - 0% - 40%
PK Defense
1 - 0% - 60%
2 - 0% - 40%
PK3 Forward
1 - 0% - 60%
2 - 0% - 40%
PK3 Defense
1 - 0% - 60%
2 - 0% - 40%
44 Forward
1 - 0% - 60%
2 - 0% - 40%
44 Defense
1 - 0% - 60%
2 - 0% - 40%
Last Minute Offensive  - 0:00
Last Minute Defensive  - 0:00
Total
Forward - 60:00
Defense - 60:00

Play-by-Play

1st period


0:01 of 1st period - Ryan Strome wins face-off versus Brock Nelson in neutral zone.
0:31 of 1st period - Icing by Zach Parise.
0:32 of 1st period - Casey Cizikas wins face-off versus Brock Nelson in Jets zone.
1:04 of 1st period - Shot by Casey Cizikas.
1:04 of 1st period - Stopped by Jake Allen with a rebound.
1:06 of 1st period - Shot by Frank Vatrano.
1:06 of 1st period - Shot Misses the Net.
1:31 of 1st period - Icing by Jaccob Slavin.
1:32 of 1st period - Brock Nelson wins face-off versus Sam Steel in Jets zone.
2:00 of 1st period - Shot by Shayne Gostisbehere.
2:00 of 1st period - Stopped by Jake Allen with a rebound.
2:06 of 1st period - Shot by Shayne Gostisbehere.
2:06 of 1st period - Shot Misses the Net.
2:08 of 1st period - Shot by Shayne Gostisbehere.
2:08 of 1st period - Stopped by Jake Allen with a rebound.
2:19 of 1st period - Off-side.
2:20 of 1st period - Dominik Kubalik wins face-off versus Joel Eriksson Ek in neutral zone.
2:48 of 1st period - Shot by Ryan Strome.
2:48 of 1st period - Stopped by Jake Allen without a rebound.
2:49 of 1st period - Justin Williams wins face-off versus Mikko Koivu in Jets zone.
3:01 of 1st period - Shot by Mikko Koivu.
3:01 of 1st period - Stopped by Juuse Saros without a rebound.
3:02 of 1st period - Frank Vatrano wins face-off versus Mathew Barzal in Avalanche zone.
3:02 of 1st period - Robby Fabbri is hit by Mats Zuccarello and loses puck.
3:20 of 1st period - Icing by Jay Bouwmeester.
3:21 of 1st period - Mathew Barzal wins face-off versus Ryan Strome in Jets zone.
3:21 of 1st period - Mats Zuccarello is hit by Andreas Athanasiou and loses puck.
3:26 of 1st period - Shot by Dominik Kubalik.
3:26 of 1st period - Stopped by Jake Allen without a rebound.
3:27 of 1st period - Joel Eriksson Ek wins face-off versus Dylan Strome in Jets zone.
3:38 of 1st period - Shot by Scott Laughton.
3:38 of 1st period - Shot Blocked by Sami Vatanen.
3:40 of 1st period - Shot by Nikita Zaitsev.
3:40 of 1st period - Stopped by Juuse Saros without a rebound.
3:41 of 1st period - Ryan Strome wins face-off versus Mathew Barzal in Avalanche zone.
3:54 of 1st period - Shot by Evgenii Dadonov.
3:54 of 1st period - Stopped by Juuse Saros without a rebound.
3:55 of 1st period - Casey Cizikas wins face-off versus Mikko Koivu in Avalanche zone.
4:58 of 1st period - Shot by Zach Parise.
4:58 of 1st period - Stopped by Juuse Saros with a rebound.
5:00 of 1st period - Shot by Jaccob Slavin.
5:00 of 1st period - Stopped by Juuse Saros without a rebound.
5:01 of 1st period - Dylan Strome wins face-off versus Mathew Barzal in Avalanche zone.
5:01 of 1st period - Dylan Strome is hit by Evgenii Dadonov.
5:02 of 1st period - Dylan Strome from Avalanche is injured at 5:02 of 1st period (Right Leg).
5:03 of 1st period - Brock Nelson wins face-off versus Ryan Strome in Avalanche zone.
5:04 of 1st period - Shot by Bryan Rust.
5:04 of 1st period - Shot Misses the Net.
5:12 of 1st period - Zach Parise is hit by Dominik Kubalik and loses puck.
5:29 of 1st period - Shot by Brock Nelson.
5:29 of 1st period - Stopped by Juuse Saros without a rebound.
5:30 of 1st period - Mathew Barzal wins face-off versus Sam Steel in Avalanche zone.
5:30 of 1st period - Mathew Barzal is hit by John Marino.
5:32 of 1st period - Shot by Evgenii Dadonov.
5:32 of 1st period - Stopped by Juuse Saros with a rebound.
6:43 of 1st period - Icing by Patrik Nemeth.
6:44 of 1st period - Brock Nelson wins face-off versus Casey Cizikas in Jets zone.
6:52 of 1st period - Shot by Robby Fabbri.
6:52 of 1st period - Stopped by Jake Allen without a rebound.
6:53 of 1st period - Joel Eriksson Ek wins face-off versus Ryan Strome in Jets zone.
7:02 of 1st period - Shot by Joel Eriksson Ek.
7:02 of 1st period - Shot Hit the Post.
7:04 of 1st period - Shot by Hampus Lindholm.
7:04 of 1st period - Deflect By Nick Schmaltz.
7:04 of 1st period - Stopped by Juuse Saros without a rebound.
7:05 of 1st period - Casey Cizikas wins face-off versus Brock Nelson in Avalanche zone.
7:32 of 1st period - Shot by Bryan Rust.
7:32 of 1st period - Deflect By Brock Nelson.
7:32 of 1st period - Stopped by Juuse Saros without a rebound.
7:33 of 1st period - Ryan Strome wins face-off versus Mathew Barzal in Avalanche zone.
7:40 of 1st period - Shot by Evgenii Dadonov.
7:40 of 1st period - Shot Blocked by Sami Vatanen.
7:58 of 1st period - Shot by Ryan Strome.
7:58 of 1st period - Shot Misses the Net.
9:20 of 1st period - Shot by Andreas Johnsson.
9:20 of 1st period - Shot Misses the Net.
9:46 of 1st period - Minor Penalty to Robby Fabbri for Tripping.
9:47 of 1st period - Ryan Strome wins face-off versus Bryan Rust in Avalanche zone.
10:27 of 1st period - Shot by Keith Yandle.
10:27 of 1st period - Shot Blocked by Cale Fleury.
11:08 of 1st period - Shot by Mats Zuccarello.
11:08 of 1st period - Stopped by Juuse Saros without a rebound.
11:09 of 1st period - Ryan Strome wins face-off versus Mathew Barzal in Avalanche zone.
11:31 of 1st period - Shot by Mats Zuccarello.
11:31 of 1st period - Deflect By Evgenii Dadonov.
11:31 of 1st period - Shot Blocked by Casey Cizikas.
12:41 of 1st period - Shot by Andreas Athanasiou.
12:41 of 1st period - Stopped by Jake Allen with a rebound.
12:43 of 1st period - Shot by John Marino.
12:43 of 1st period - Shot Misses the Net.
12:45 of 1st period - Shot by Justin Williams.
12:45 of 1st period - Shot Misses the Net.
12:57 of 1st period - John Marino is hit by Kasperi Kapanen.
13:00 of 1st period - Icing by Will Butcher.
13:01 of 1st period - Brock Nelson wins face-off versus Filip Chytil in Avalanche zone.
13:21 of 1st period - Icing by Bryan Rust.
13:22 of 1st period - Brock Nelson wins face-off versus Andreas Johnsson in Jets zone.
13:43 of 1st period - Shot by Sam Steel.
13:43 of 1st period - Stopped by Jake Allen without a rebound.
13:44 of 1st period - Casey Cizikas wins face-off versus Mathew Barzal in Jets zone.
13:44 of 1st period - Casey Cizikas is hit by Nikita Zaitsev.
13:51 of 1st period - Off-side.
13:52 of 1st period - Mathew Barzal wins face-off versus Casey Cizikas in neutral zone.
13:57 of 1st period - Shot by Mats Zuccarello.
13:57 of 1st period - Stopped by Juuse Saros without a rebound.
13:58 of 1st period - Robby Fabbri wins face-off versus Mats Zuccarello in Avalanche zone.
14:12 of 1st period - Mats Zuccarello is hit by Cale Fleury and loses puck.
14:18 of 1st period - Icing by Casey Cizikas.
14:19 of 1st period - Brock Nelson wins face-off versus Casey Cizikas in Avalanche zone.
15:13 of 1st period - Shot by Evgenii Dadonov.
15:13 of 1st period - Shot Misses the Net.
15:15 of 1st period - Shot by Evgenii Dadonov.
15:15 of 1st period - Stopped by Juuse Saros without a rebound.
15:16 of 1st period - Joel Eriksson Ek wins face-off versus Sam Steel in Avalanche zone.
16:00 of 1st period - Icing by Keith Yandle.
16:01 of 1st period - Joel Eriksson Ek wins face-off versus Ryan Strome in Jets zone.
16:24 of 1st period - Jaccob Slavin is hit by Sami Vatanen and loses puck.
16:55 of 1st period - Shot by Frank Vatrano.
16:55 of 1st period - Stopped by Jake Allen without a rebound.
16:56 of 1st period - Brock Nelson wins face-off versus Casey Cizikas in Jets zone.
17:10 of 1st period - Frank Vatrano is hit by Patrik Nemeth and loses puck.
17:44 of 1st period - Robby Fabbri is hit by Patrik Nemeth.
18:59 of 1st period - Icing by Sami Vatanen.
19:00 of 1st period - Mikko Koivu wins face-off versus Ryan Strome in Avalanche zone.
19:16 of 1st period - Shot by Dominik Kubalik.
19:16 of 1st period - Shot Misses the Net.
19:25 of 1st period - Icing by Jaccob Slavin.
19:26 of 1st period - Casey Cizikas wins face-off versus Mikko Koivu in Jets zone.
19:48 of 1st period - Shot by Casey Cizikas.
19:48 of 1st period - Shot Misses the Net.
19:50 of 1st period - Shot by Casey Cizikas.
19:50 of 1st period - Shot Misses the Net.
19:55 of 1st period - Casey Cizikas is hit by Jaccob Slavin and loses puck.
Goals for this period are 0 for Avalanche vs 0 for Jets.
Shots for this period are 9 for Avalanche vs 12 for Jets.

2nd period


0:01 of 2nd period - Ryan Strome wins face-off versus Brock Nelson in neutral zone.
0:24 of 2nd period - Shot by Bryan Rust.
0:24 of 2nd period - Shot Misses the Net.
0:26 of 2nd period - Shot by Brock Nelson.
0:26 of 2nd period - Shot Misses the Net.
0:28 of 2nd period - Shot by Zach Parise.
0:28 of 2nd period - Shot Misses the Net.
0:30 of 2nd period - Shot by Jay Bouwmeester.
0:30 of 2nd period - Shot Misses the Net.
0:34 of 2nd period - Shot by Brock Nelson.
0:34 of 2nd period - Stopped by Juuse Saros without a rebound.
0:35 of 2nd period - Mathew Barzal wins face-off versus Casey Cizikas in Avalanche zone.
0:35 of 2nd period - Keith Yandle is hit by John Marino and loses puck.
0:52 of 2nd period - Shot by Evgenii Dadonov.
0:52 of 2nd period - Stopped by Juuse Saros without a rebound.
0:53 of 2nd period - Joel Eriksson Ek wins face-off versus Sam Steel in Avalanche zone.
1:08 of 2nd period - Shot by Filip Chytil.
1:08 of 2nd period - Stopped by Jake Allen with a rebound.
1:48 of 2nd period - Icing by Keith Yandle.
1:49 of 2nd period - Ryan Strome wins face-off versus Brock Nelson in Jets zone.
1:52 of 2nd period - Shot by Dominik Kubalik.
1:52 of 2nd period - Shot Misses the Net.
1:54 of 2nd period - Shot by Ryan Strome.
1:54 of 2nd period - Shot Misses the Net.
1:56 of 2nd period - Shot by Dominik Kubalik.
1:56 of 2nd period - Shot Blocked by Jaccob Slavin.
1:58 of 2nd period - Shot by Ryan Strome.
1:58 of 2nd period - Stopped by Jake Allen without a rebound.
1:59 of 2nd period - Casey Cizikas wins face-off versus Mathew Barzal in Jets zone.
2:02 of 2nd period - Shot by Robby Fabbri.
2:02 of 2nd period - Stopped by Jake Allen without a rebound.
2:03 of 2nd period - Ryan Strome wins face-off versus Zach Parise in Jets zone.
2:16 of 2nd period - Shot by Zach Parise.
2:16 of 2nd period - Deflect By Bryan Rust.
2:16 of 2nd period - Stopped by Juuse Saros without a rebound.
2:17 of 2nd period - Casey Cizikas wins face-off versus Mathew Barzal in Avalanche zone.
3:54 of 2nd period - Nick Schmaltz is hit by Ryan Strome and loses puck.
4:03 of 2nd period - Shot by Joel Eriksson Ek.
4:03 of 2nd period - Shot Blocked by Sami Vatanen.
4:05 of 2nd period - Shot by Joel Eriksson Ek.
4:05 of 2nd period - Shot Blocked by Sami Vatanen.
4:09 of 2nd period - Shot by Joel Eriksson Ek.
4:09 of 2nd period - Shot Blocked by Shayne Gostisbehere.
4:23 of 2nd period - Shot by Scott Laughton.
4:23 of 2nd period - Stopped by Juuse Saros with a rebound.
5:00 of 2nd period - Shot by Tim Schaller.
5:00 of 2nd period - Stopped by Juuse Saros without a rebound.
5:01 of 2nd period - Evgenii Dadonov wins face-off versus Sam Steel in Avalanche zone.
5:03 of 2nd period - Mathew Barzal is hit by Cale Fleury.
5:13 of 2nd period - Shot by Mats Zuccarello.
5:13 of 2nd period - Stopped by Juuse Saros without a rebound.
5:14 of 2nd period - Casey Cizikas wins face-off versus Brock Nelson in Avalanche zone.
5:14 of 2nd period - Casey Cizikas is hit by Bryan Rust.
7:26 of 2nd period - Shot by Filip Chytil.
7:26 of 2nd period - Shot Misses the Net.
7:33 of 2nd period - Icing by Nikita Zaitsev.
7:34 of 2nd period - Joel Eriksson Ek wins face-off versus Sam Steel in Jets zone.
7:34 of 2nd period - Joel Eriksson Ek is hit by Ryan Dzingel.
7:42 of 2nd period - Icing by Sam Steel.
7:43 of 2nd period - Brock Nelson wins face-off versus Sam Steel in Avalanche zone.
7:43 of 2nd period - Keith Yandle is hit by Sami Vatanen and loses puck.
8:42 of 2nd period - Shot by Dominik Kubalik.
8:42 of 2nd period - Stopped by Jake Allen without a rebound.
8:43 of 2nd period - Mathew Barzal wins face-off versus Andreas Athanasiou in Jets zone.
8:53 of 2nd period - Andreas Athanasiou is hit by Patrik Nemeth and loses puck.
8:58 of 2nd period - Shot by Filip Chytil.
8:58 of 2nd period - Shot Misses the Net.
9:00 of 2nd period - Shot by Sami Vatanen.
9:00 of 2nd period - Shot Blocked by Patrik Nemeth.
9:29 of 2nd period - John Marino is hit by Evgenii Dadonov and loses puck.
9:59 of 2nd period - Icing by Joel Eriksson Ek.
10:00 of 2nd period - Joel Eriksson Ek wins face-off versus Casey Cizikas in Jets zone.
10:04 of 2nd period - Off-side.
10:05 of 2nd period - Brock Nelson wins face-off versus Casey Cizikas in neutral zone.
10:12 of 2nd period - Shot by Bryan Rust.
10:12 of 2nd period - Shot Misses the Net.
10:18 of 2nd period - Shot by Casey Cizikas.
10:18 of 2nd period - Stopped by Jake Allen without a rebound.
10:19 of 2nd period - Tim Schaller wins face-off versus Andreas Athanasiou in Jets zone.
10:25 of 2nd period - Noah Juulsen is hit by Tim Schaller.
11:17 of 2nd period - Shot by Robby Fabbri.
11:17 of 2nd period - Stopped by Jake Allen with a rebound.
11:19 of 2nd period - Shot by Casey Cizikas.
11:19 of 2nd period - Shot Blocked by Keith Yandle.
11:21 of 2nd period - Shot by John Marino.
11:21 of 2nd period - Shot Blocked by Keith Yandle.
11:23 of 2nd period - Shot by Casey Cizikas.
11:23 of 2nd period - Stopped by Jake Allen without a rebound.
11:24 of 2nd period - Mathew Barzal wins face-off versus Sam Steel in Jets zone.
11:24 of 2nd period - Mathew Barzal is hit by Andreas Johnsson.
11:38 of 2nd period - Shot by Evgenii Dadonov.
11:38 of 2nd period - Stopped by Juuse Saros with a rebound.
11:48 of 2nd period - Patrik Nemeth is hit by Andreas Johnsson and loses puck.
12:17 of 2nd period - John Marino is hit by Mathew Barzal and loses puck.
12:24 of 2nd period - Shot by Andreas Athanasiou.
12:24 of 2nd period - Deflect By Justin Williams.
12:24 of 2nd period - Stopped by Jake Allen with a rebound.
12:26 of 2nd period - Shot by Will Butcher.
12:26 of 2nd period - Stopped by Jake Allen with a rebound.
12:39 of 2nd period - Shot by John Marino.
12:39 of 2nd period - Stopped by Jake Allen without a rebound.
12:40 of 2nd period - Casey Cizikas wins face-off versus Brock Nelson in Jets zone.
12:40 of 2nd period - Noah Juulsen is hit by Jaccob Slavin and loses puck.
13:00 of 2nd period - Robby Fabbri is hit by Jaccob Slavin and loses puck.
13:13 of 2nd period - Shot by Robby Fabbri.
13:13 of 2nd period - Stopped by Jake Allen with a rebound.
13:53 of 2nd period - Ryan Dzingel is hit by Nikita Zaitsev.
13:57 of 2nd period - Shot by Andreas Johnsson.
13:57 of 2nd period - Deflect By Sam Steel.
13:57 of 2nd period - Shot Misses the Net.
13:59 of 2nd period - Shot by Shayne Gostisbehere.
13:59 of 2nd period - Stopped by Jake Allen with a rebound.
14:01 of 2nd period - Shot by Shayne Gostisbehere.
14:01 of 2nd period - Deflect By Andreas Johnsson.
14:01 of 2nd period - Shot Misses the Net.
15:39 of 2nd period - Shot by Casey Cizikas.
15:39 of 2nd period - Shot Blocked by Jaccob Slavin.
15:41 of 2nd period - Shot by Justin Williams.
15:41 of 2nd period - Shot Blocked by Keith Yandle.
16:03 of 2nd period - Evgenii Dadonov is hit by Andreas Johnsson and loses puck.
16:20 of 2nd period - Shot by Ryan Dzingel.
16:20 of 2nd period - Stopped by Jake Allen without a rebound.
16:21 of 2nd period - Brock Nelson wins face-off versus Filip Chytil in Jets zone.
17:12 of 2nd period - Shot by Nick Schmaltz.
17:12 of 2nd period - Shot Misses the Net.
17:14 of 2nd period - Shot by Joel Eriksson Ek.
17:14 of 2nd period - Stopped by Juuse Saros without a rebound.
17:15 of 2nd period - Sam Steel wins face-off versus Kasperi Kapanen in Avalanche zone.
17:15 of 2nd period - Sam Steel is hit by Kasperi Kapanen.
17:36 of 2nd period - Off-side.
17:37 of 2nd period - Casey Cizikas wins face-off versus Joel Eriksson Ek in neutral zone.
17:47 of 2nd period - Shot by Casey Cizikas.
17:47 of 2nd period - Deflect By Frank Vatrano.
17:47 of 2nd period - Shot Misses the Net.
17:49 of 2nd period - Shot by Casey Cizikas.
17:49 of 2nd period - Shot Misses the Net.
18:03 of 2nd period - Shot by Robby Fabbri.
18:03 of 2nd period - Shot Misses the Net.
18:05 of 2nd period - Shot by Frank Vatrano.
18:05 of 2nd period - Shot Misses the Net.
18:07 of 2nd period - Shot by Sami Vatanen.
18:07 of 2nd period - Stopped by Jake Allen with a rebound.
18:09 of 2nd period - Shot by Casey Cizikas.
18:09 of 2nd period - Deflect By Robby Fabbri.
18:09 of 2nd period - Stopped by Jake Allen with a rebound.
18:37 of 2nd period - Andreas Johnsson is hit by Jaccob Slavin.
18:38 of 2nd period - Andreas Johnsson from Avalanche is injured at 18:38 of 2nd period (Right Hip).
18:39 of 2nd period - Brock Nelson wins face-off versus Ryan Strome in Jets zone.
19:38 of 2nd period - Sam Steel is hit by Nikita Zaitsev and loses puck.
19:51 of 2nd period - Shot by Evgenii Dadonov.
19:51 of 2nd period - Stopped by Juuse Saros with a rebound.
Goals for this period are 0 for Avalanche vs 0 for Jets.
Shots for this period are 15 for Avalanche vs 9 for Jets.

3rd period


0:01 of 3rd period - Ryan Strome wins face-off versus Brock Nelson in neutral zone.
0:13 of 3rd period - Icing by Keith Yandle.
0:14 of 3rd period - Casey Cizikas wins face-off versus Brock Nelson in Jets zone.
0:22 of 3rd period - Icing by Brock Nelson.
0:23 of 3rd period - Brock Nelson wins face-off versus Ryan Strome in Jets zone.
0:23 of 3rd period - Brock Nelson is hit by Dominik Kubalik.
0:29 of 3rd period - Andreas Athanasiou is hit by Bryan Rust and loses puck.
0:36 of 3rd period - Shot by Bryan Rust.
0:36 of 3rd period - Shot Hit the Post.
1:23 of 3rd period - Icing by Nikita Zaitsev.
1:24 of 3rd period - Mathew Barzal wins face-off versus Casey Cizikas in Jets zone.
1:26 of 3rd period - Icing by Evgenii Dadonov.
1:27 of 3rd period - Casey Cizikas wins face-off versus Mathew Barzal in Jets zone.
1:33 of 3rd period - Off-side.
1:34 of 3rd period - Joel Eriksson Ek wins face-off versus Casey Cizikas in neutral zone.
1:41 of 3rd period - Shot by Scott Laughton.
1:41 of 3rd period - Deflect By Nick Schmaltz.
1:41 of 3rd period - Stopped by Juuse Saros without a rebound.
1:42 of 3rd period - Frank Vatrano wins face-off versus Brock Nelson in Avalanche zone.
2:03 of 3rd period - Shot by Robby Fabbri.
2:03 of 3rd period - Shot Blocked by Jaccob Slavin.
2:18 of 3rd period - Icing by John Marino.
2:19 of 3rd period - Mats Zuccarello wins face-off versus Casey Cizikas in Avalanche zone.
2:28 of 3rd period - Shot by Frank Vatrano.
2:28 of 3rd period - Shot Misses the Net.
2:42 of 3rd period - Shot by Ryan Strome.
2:42 of 3rd period - Shot Blocked by Jay Bouwmeester.
3:10 of 3rd period - Off-side.
3:11 of 3rd period - Sam Steel wins face-off versus Brock Nelson in neutral zone.
3:22 of 3rd period - Shot by Sam Steel.
3:22 of 3rd period - Shot Blocked by Brock Nelson.
3:48 of 3rd period - Shot by Sam Steel.
3:48 of 3rd period - Shot Misses the Net.
4:53 of 3rd period - Shot by Andreas Athanasiou.
4:53 of 3rd period - Deflect By Ryan Strome.
4:53 of 3rd period - Shot Misses the Net.
4:59 of 3rd period - Shot by Mikko Koivu.
4:59 of 3rd period - Deflect By Kasperi Kapanen.
4:59 of 3rd period - Shot Misses the Net.
5:19 of 3rd period - Shot by Kasperi Kapanen.
5:19 of 3rd period - Stopped by Juuse Saros with a rebound.
5:21 of 3rd period - Shot by Kasperi Kapanen.
5:21 of 3rd period - Deflect By Mikko Koivu.
5:21 of 3rd period - Shot Misses the Net.
5:23 of 3rd period - Shot by Tim Schaller.
5:23 of 3rd period - Shot Misses the Net.
6:02 of 3rd period - Shot by Evgenii Dadonov.
6:02 of 3rd period - Stopped by Juuse Saros without a rebound.
6:03 of 3rd period - Brock Nelson wins face-off versus Filip Chytil in Avalanche zone.
6:10 of 3rd period - Shot by Bryan Rust.
6:10 of 3rd period - Shot Misses the Net.
6:22 of 3rd period - Shot by Bryan Rust.
6:22 of 3rd period - Shot Misses the Net.
6:24 of 3rd period - Shot by Bryan Rust.
6:24 of 3rd period - Shot Blocked by Will Butcher.
6:26 of 3rd period - Shot by Brock Nelson.
6:26 of 3rd period - Stopped by Juuse Saros without a rebound.
6:27 of 3rd period - Casey Cizikas wins face-off versus Scott Laughton in Avalanche zone.
7:09 of 3rd period - Frank Vatrano is hit by Joel Eriksson Ek.
7:17 of 3rd period - Cale Fleury is hit by Scott Laughton and loses puck.
7:56 of 3rd period - Shot by Brock Nelson.
7:56 of 3rd period - Deflect By Bryan Rust.
7:56 of 3rd period - Goal by Bryan Rust - Avalanche : 0 - Jets : 1.
7:57 of 3rd period - Sam Steel wins face-off versus Mathew Barzal in neutral zone.
7:57 of 3rd period - John Marino is hit by Mathew Barzal and loses puck.
8:10 of 3rd period - Shot by Evgenii Dadonov.
8:10 of 3rd period - Stopped by Juuse Saros without a rebound.
8:11 of 3rd period - Ryan Strome wins face-off versus Kasperi Kapanen in Avalanche zone.
9:23 of 3rd period - Brock Nelson is hit by Will Butcher and loses puck.
9:26 of 3rd period - Shot by Brock Nelson.
9:26 of 3rd period - Stopped by Juuse Saros without a rebound.
9:27 of 3rd period - Mathew Barzal wins face-off versus Sam Steel in Avalanche zone.
9:32 of 3rd period - Shot by Evgenii Dadonov.
9:32 of 3rd period - Stopped by Juuse Saros with a rebound.
9:34 of 3rd period - Shot by Patrik Nemeth.
9:34 of 3rd period - Stopped by Juuse Saros with a rebound.
9:36 of 3rd period - Shot by Evgenii Dadonov.
9:36 of 3rd period - Shot Misses the Net.
10:02 of 3rd period - Shot by Mats Zuccarello.
10:02 of 3rd period - Stopped by Juuse Saros without a rebound.
10:03 of 3rd period - Justin Williams wins face-off versus Brock Nelson in Avalanche zone.
10:03 of 3rd period - Justin Williams is hit by Brock Nelson.
10:06 of 3rd period - John Marino is hit by Bryan Rust and loses puck.
10:22 of 3rd period - Shot by Andreas Athanasiou.
10:22 of 3rd period - Stopped by Jake Allen without a rebound.
10:23 of 3rd period - Casey Cizikas wins face-off versus Joel Eriksson Ek in Jets zone.
10:23 of 3rd period - Casey Cizikas is hit by Nikita Zaitsev.
10:30 of 3rd period - Robby Fabbri is hit by Hampus Lindholm and loses puck.
10:40 of 3rd period - Minor Penalty to Noah Juulsen for Cross-checking.
10:41 of 3rd period - Brock Nelson wins face-off versus Ryan Strome in Avalanche zone.
10:41 of 3rd period - Brock Nelson is hit by John Marino.
10:43 of 3rd period - Shot by Bryan Rust.
10:43 of 3rd period - Stopped by Juuse Saros without a rebound.
10:44 of 3rd period - Bryan Rust wins face-off versus Ryan Strome in Avalanche zone.
10:56 of 3rd period - Shot by Jaccob Slavin.
10:56 of 3rd period - Shot Blocked by John Marino.
11:04 of 3rd period - Shot by Bryan Rust.
11:04 of 3rd period - Stopped by Juuse Saros without a rebound.
11:05 of 3rd period - Ryan Strome wins face-off versus Mathew Barzal in Avalanche zone.
11:45 of 3rd period - Icing by Hampus Lindholm.
11:46 of 3rd period - Mathew Barzal wins face-off versus Justin Williams in Jets zone.
12:15 of 3rd period - Shot by Brock Nelson.
12:15 of 3rd period - Stopped by Juuse Saros without a rebound.
12:16 of 3rd period - Ryan Strome wins face-off versus Brock Nelson in Avalanche zone.
13:37 of 3rd period - Shot by Tim Schaller.
13:37 of 3rd period - Shot Misses the Net.
13:49 of 3rd period - Shot by Andreas Athanasiou.
13:49 of 3rd period - Stopped by Jake Allen without a rebound.
13:50 of 3rd period - Brock Nelson wins face-off versus Robby Fabbri in Jets zone.
13:56 of 3rd period - Jaccob Slavin is hit by John Marino and loses puck.
14:20 of 3rd period - Shot by Frank Vatrano.
14:20 of 3rd period - Stopped by Jake Allen without a rebound.
14:21 of 3rd period - Ryan Strome wins face-off versus Mathew Barzal in Jets zone.
14:21 of 3rd period - Ryan Strome is hit by Patrik Nemeth.
14:27 of 3rd period - Shot by Dominik Kubalik.
14:27 of 3rd period - Shot Misses the Net.
14:32 of 3rd period - Off-side.
14:33 of 3rd period - Joel Eriksson Ek wins face-off versus Sam Steel in neutral zone.
15:12 of 3rd period - Nikita Zaitsev is hit by Ryan Dzingel and loses puck.
15:33 of 3rd period - Shot by Ryan Strome.
15:33 of 3rd period - Shot Misses the Net.
15:43 of 3rd period - Shot by Andreas Athanasiou.
15:43 of 3rd period - Shot Blocked by Nikita Zaitsev.
15:53 of 3rd period - Shot by Dominik Kubalik.
15:53 of 3rd period - Shot Misses the Net.
16:22 of 3rd period - Shot by Casey Cizikas.
16:22 of 3rd period - Stopped by Jake Allen without a rebound.
16:23 of 3rd period - Sam Steel wins face-off versus Brock Nelson in Jets zone.
16:34 of 3rd period - Shot by Bryan Rust.
16:34 of 3rd period - Goal by Bryan Rust - Avalanche : 0 - Jets : 2.
16:35 of 3rd period - Casey Cizikas wins face-off versus Mathew Barzal in neutral zone.
16:59 of 3rd period - Shot by Casey Cizikas.
16:59 of 3rd period - Deflect By Frank Vatrano.
16:59 of 3rd period - Shot Misses the Net.
17:01 of 3rd period - Shot by Casey Cizikas.
17:01 of 3rd period - Stopped by Jake Allen without a rebound.
17:02 of 3rd period - Brock Nelson wins face-off versus Ryan Strome in Jets zone.
17:33 of 3rd period - Shot by Brock Nelson.
17:33 of 3rd period - Stopped by Juuse Saros without a rebound.
17:34 of 3rd period - Mathew Barzal wins face-off versus Casey Cizikas in Avalanche zone.
17:35 of 3rd period - Shot by Evgenii Dadonov.
17:35 of 3rd period - Shot Blocked by Casey Cizikas.
17:43 of 3rd period - Shot by Robby Fabbri.
17:43 of 3rd period - Shot Misses the Net.
17:53 of 3rd period - Shot by Robby Fabbri.
17:53 of 3rd period - Stopped by Jake Allen without a rebound.
17:54 of 3rd period - Sam Steel wins face-off versus Mikko Koivu in Jets zone.
19:00 of 3rd period - Shot by Brock Nelson.
19:00 of 3rd period - Shot Misses the Net.
19:08 of 3rd period - Shot by Brock Nelson.
19:08 of 3rd period - Shot Misses the Net.
19:25 of 3rd period - Icing by Sami Vatanen.
19:26 of 3rd period - Mathew Barzal wins face-off versus Dominik Kubalik in Avalanche zone.
19:33 of 3rd period - Shot by Evgenii Dadonov.
19:33 of 3rd period - Shot Misses the Net.
19:54 of 3rd period - Robby Fabbri is hit by Mats Zuccarello and loses puck.
Goals for this period are 0 for Avalanche vs 2 for Jets.
Shots for this period are 6 for Avalanche vs 15 for Jets.